 Dungeon Crawl Stone Soup version 0.30.1-11-g7821555f0a (webtiles) character file.

Game seed: 16954766395788566861

65 deepdelver the Chopper (level 4, -1/41 HPs)
             Began as a Hill Orc Berserker on Nov 22, 2023.
             Was a Believer of Trog.
             Slain by Jessica
             ... wielding a +0 club
              (2 damage)
             ... on level 2 of the Dungeon.
             The game lasted 00:08:50 (2904 turns).

deepdelver the Chopper (Hill Orc Berserker)         Turns: 2904, Time: 00:08:51

Health: -1/41      AC:  2    Str: 20 (21) XL:     4   Next: 13%
Magic:  4/4        EV: 12    Int:  5 (7)  God:    Trog [**....]
Gold:   49         SH:  0    Dex:  7 (10) Spells: 3/3 levels left

rFire   . . .        f - +0 spear
rCold   . . .        (no shield)
rNeg    . . .        b - +0 animal skin
rPois   .            (no helmet)
rElec   .            (no cloak)
rCorr   .            (no gloves)
SInv    .            (no boots)
Will    .....        (no amulet)
Stlth   +            (no ring)
HPRegen 0.26/turn    (no ring)
MPRegen 0.09/turn

%: no passive effects
@: no status effects
A: no striking features
a: Renounce Religion, Berserk, Trog's Hand


You were on level 2 of the Dungeon.
You worshipped Trog.
Trog was pleased with you.
You visited 1 branch of the dungeon, and saw 2 of its levels.

You collected 71 gold pieces.
You spent 22 gold pieces at shops.

Inventory:

Hand Weapons
 a - a +0 hand axe
 f - a +0 spear (weapon)
Missiles
 i - a throwing net (quivered)
Armour
 b - a +0 animal skin (worn)
Magical Staves
 j - a staff of earth
Scrolls
 e - a scroll of vulnerability {unknown}
 g - 4 scrolls of identify
 h - 2 scrolls of fog {unknown}
 k - a scroll of amnesia {unknown}
Potions
 c - a potion of haste {unknown}
 d - 2 potions of brilliance {unknown}
 l - a potion of curing {unknown}


   Skills:
 + Level 4.5 Fighting
 + Level 4.5(4.6) Axes
 + Level 1.2(2.6) Polearms
 + Level 2.3 Armour
 + Level 2.2 Dodging
 + Level 0.2 Stealth


You had 3 spell levels left.
You didn't know any spells.
Your spell library was empty.

Dungeon Overview and Level Annotations

Branches:
Dungeon (2/15)

Altars:
Xom

Shops:
D:1 ?

Annotations:
D:2 Jessica


Message History

A goblin comes into view. It is wielding a +0 dagger.
A goblin and a ball python come into view.
The ball python hisses angrily.
Jessica the Apprentice Sorceress comes into view.
She is wielding a +0 club.
You see here 20 gold pieces.
A kobold comes into view. It is wielding a +0 short sword.
The kobold moves out of view.
You see here 20 gold pieces.
You hit the ball python but do no damage.
The ball python closely misses you. The ball python misses you.
Jessica casts a spell.
Jessica blinks!
You completely miss the ball python.
The ball python bites you but does no damage.
The ball python grabs you. The ball python constricts you.
You hit the ball python.
You kill the ball python!
Trog accepts your kill.
Found a plate armour.
The kobold hits you with a +0 short sword.
You hit the kobold.
You kill the kobold!
Trog accepts your kill.
Jessica mumbles some strange words.
Jessica seems to speed up.
Things that are here:
a +0 short sword; a kobold corpse You hit Jessica but do no damage.
Jessica hits you with a +0 club.
You closely miss Jessica. Jessica hits you with a +0 club!
You closely miss Jessica. Jessica hits you with a +0 club.
* * * LOW HITPOINT WARNING * * *
Jessica hits you with a +0 club!
* * * LOW HITPOINT WARNING * * *
You hit Jessica but do no damage. Jessica barely misses you.
You hit Jessica.
Jessica is heavily wounded.
Jessica hits you with a +0 club.
* * * LOW HITPOINT WARNING * * *
Jessica hits you with a +0 club.
You die...

..........)#######
g.................
##..............<#
....#...........##
................#
.................#
.######......)>..#
###...........#
#@..$......!..#
......@.##..........
......#############
...... ..... ..[..
.... ####


You could see Jessica (fast).

Vanquished Creatures
  2 adders (D:2)
  A dart slug (D:1)
  7 endoplasms
  4 goblins
  5 hobgoblins
  2 jackals (D:1)
  2 kobolds
  2 quokkas
  4 ball pythons
  4 bats
  A frilled lizard (D:1)
  6 rats (D:1)
40 creatures vanquished.

Notes
Turn   | Place    | Note
-------+----------+-------------------------------------------
     0 | D:1      | deepdelver the Hill Orc Berserker began the quest for the
                  | Orb.
     0 | D:1      | Reached XP level 1. HP: 19/19 MP: 1/1
   181 | D:1      | Reached XP level 2. HP: 17/27 MP: 2/2
   575 | D:1      | Reached ** piety under Trog
   576 | D:1      | Reached XP level 3. HP: 33/33 MP: 3/3
   832 | D:1      | Found The Oracle's Delphic Readings.
   836 | D:1      | Bought a scroll of identify for 22 gold pieces
  1193 | D:2      | Found a shimmering altar of Xom.
  1206 | D:2      | Reached skill level 1 in Polearms
  2853 | D:2      | Reached XP level 4. HP: 39/41 MP: 4/4
  2890 | D:2      | Noticed Jessica
  2904 | D:2      | HP: 1/41 [Jessica/+0 club (5)]
  2904 | D:2      | Slain by Jessica

Illustrated notes

Levels and vault maps discovered:
D:1:      saegor_arrival_simple_b, layout_basic, nicolae_nh_oracle_at_delphi
D:2:      layout_rooms, basic_altar, uniq_robin, uniq_jessica

Skill      XL: |  1  2  3 |
---------------+----------+-----
Fighting       | 4 |  4.5
Dodging        | 2 |  2.2
Polearms       | 1 |  1.2
Axes           | |  4.5
Armour         | |  2.3
Stealth        | |  0.2

Action                     |  1- 3 |  4- 6 || total
---------------------------+-------+-------++-------
  Melee: Hand axe          |    19 |       ||    19
         Spear             |   110 |    19 ||   129
         Punch             |     6 |       ||     6
  Throw: Throwing net      |     1 |       ||     1
    Use: Potion            |     1 |       ||     1
   Stab: Sleeping          |     1 |       ||     1
 Armour: Animal skin       |    25 |     5 ||    30
  Dodge: Dodged            |    87 |    11 ||    98
